Map: Howling Peak

Players

meowmeowcute

  • Race: Zerg Zerg
  • Spawn Location: 1:00

A.I. 1 (Hard) - Winner!

  • Race: Protoss Protoss
  • Spawn Location: 7:00

VOD

Have the link to the VOD?

Description

Time

  • Played on: Dec. 23, 2017, 2:55 p.m.
  • Length: 6:26
Show
View Real Time Build Order
Export as new Build Order

meowmeowcute Zerg 

Build Orders: Pool First 

Get SALT Encoding   

  12  0:08  Overlord  
  12  0:13  Drone  
  13  0:18  Drone  
  14  0:41  Spawning Pool  
  13  0:50  Evolution Chamber  
  13  0:51  Extractor, Drone  
  13  0:54  Drone  
  14  1:11  Drone x2  
  15  1:31  Queen  
  17  1:39  Zergling x6  
  20  1:49  Extractor  
  19  2:05  Roach Warren  
  18  2:17  Zergling x4  
  18  2:18  Zergling x2  
  18  2:22  Lair  
  21  2:32  Drone  
  22  2:48  Zerg Ground Armor Level 1  
  22  3:07  Overlord  
  22  3:13  Overlord  
  22  3:35  Infestation Pit, Drone  
  22  4:00  Drone x3  
  25  4:14  Drone x2  
  27  4:34  Glial Reconstitution  
  27  4:39  Roach  
  27  4:45  Drone x2  
  31  4:58  Drone  
  31  4:59  Drone  
  33  5:22  Drone  
  33  5:23  Drone  
  35  5:29  Hatchery  
  34  5:39  Roach x2  
Show
View Real Time Build Order
Export as new Build Order

A.I. 1 (Hard) Protoss - Winner!

Build Orders:  

Get SALT Encoding   

  12  0:00  Probe  
  13  0:13  Probe  
  14  0:21  Pylon  
  14  0:25  Probe  
  15  0:39  Probe  
  16  0:49  Assimilator  
  16  0:51  Probe  
  16  0:52  Gateway  
  17  1:02  Pylon  
  17  1:03  Probe  
  18  1:15  Probe  
  19  1:28  Probe  
  20  1:39  Zealot  
  22  1:41  Cybernetics Core  
  22  1:47  Gateway  
  22  1:49  Assimilator  
  22  2:05  Pylon  
  22  2:17  Adept  
  22  2:20  Warp Gate  
  24  2:33  Adept  
  26  2:44  Adept  
  28  2:53  Pylon  
  28  3:01  Zealot  
  30  3:11  Adept, Probe  
  33  3:22  Pylon  
  33  3:23  Probe  
  34  3:28  Adept  
  36  3:35  Probe  
  36  3:38  Stalker  
  39  3:44  Forge  
  39  3:47  Probe  
  40  3:55  Adept  
  42  3:59  Probe  
  43  4:08  Adept  
  45  4:12  Probe  
  46  5:05  Stalker  
  48  5:09  Gateway  
  48  5:13  Pylon  
  48  5:15  Stalker  
  50  5:25  Photon Cannon  
  50  5:28  Sentry  
  50  5:34  Robotics Facility  
  52  5:38  Stalker  
  54  5:46  Pylon  
  54  5:51  Stalker  
  56  5:57  Photon Cannon  
  56  6:01  Stalker  
  56  6:03  Stargate  
  58  6:11  Sentry  
  58  6:18  Twilight Council  
  60  6:21  Stalker  
Tags
 
Matchup
PvZ
Opening
Pool First
Spawn Locations
Cross Positions
Add a new tag
Caveats
  • Supply blocks, unpowered buildings, or Contaminate may cause inaccurate times.
  • Supply counts are checked every 10 seconds.